 Dungeon Crawl Stone Soup version 0.29.0-10-g45618ea6d2 (webtiles) character file.

Game seed: 11109370858011361876

364 raistware the Conjurer (level 6, -11/38 HPs)
             Began as an Octopode Conjurer on Sept 1, 2022.
             Mangled by Prince Ribbit (18 damage)
             ... on level 5 of the Dungeon.
             The game lasted 00:11:40 (5152 turns).

raistware the Conjurer (Octopode Conjurer)          Turns: 5152, Time: 00:11:41

Health: -11/38     AC:  5    Str:  6    XL:     6   Next: 67%
Magic:  0/13       EV: 13    Int: 23    God:
Gold:   155        SH:  0    Dex: 16    Spells: 10/15 levels left

rFire   . . .      SeeInvis .   (no weapon)
rCold   . . .      Faith    .   (no shield)
rNeg    . . .      Spirit   .   (helmet restricted)
rPois   .          Reflect  .   (no amulet)
rElec   .          Harm     .   c - +4 ring of protection
rCorr   .          Rampage  .   k - +6 ring of dexterity
Will    .....                   (no ring)
Stlth   +++.......              (no ring)
HPRegen 0.12/turn               (no ring)
MPRegen 0.13/turn               (no ring)
                                (no ring)
                                (no ring)

@: brilliant, very slightly contaminated
A: almost no armour, amphibious, 8 rings, camouflage 1, gelatinous body 1,
(nimble swimmer 1), tentacles
a: no special abilities


You were on level 5 of the Dungeon.
You visited 2 branches of the dungeon, and saw 6 of its levels.

You collected 181 gold pieces.
You spent 26 gold pieces at shops.

Inventory:

Jewellery
 c - a +4 ring of protection (left tentacle)
 k - a +6 ring of dexterity (right tentacle)
Scrolls
 b - a scroll of torment {unknown}
 d - 3 scrolls of identify {unknown}
 e - 4 scrolls of teleportation {unknown}
 f - 2 scrolls of enchant armour {unknown}
 h - 4 scrolls of enchant weapon {unknown}
 o - a scroll of blinking {unknown}
Potions
 a - a potion of magic
 i - a potion of brilliance
 j - a potion of mutation {unknown}
 l - a potion of berserk rage {unknown}
 m - 2 potions of lignification {unknown}
 n - a potion of might {unknown}
 p - a potion of attraction {unknown}


   Skills:
 * Level 1.2 Fighting
 * Level 2.1 Dodging
 - Level 2.6 Stealth
 + Level 5.0 Spellcasting
 + Level 5.0 Conjurations
 - Level 2.0 Translocations


You had 10 spell levels left.
You knew the following spells:

 Your Spells              Type           Power      Damage    Failure   Level
a - Magic Dart            Conj           100%       1d8       1%          1
b - Iskenderun's Mystic   Conj/Tloc      32%        2d8       22%         4

Your spell library contained the following spells:

 Spells                   Type           Power      Damage    Failure   Level
 Searing Ray              Conj           86%        2d7       1%          2
 Sting                    Tmut/Pois      32%        1d4       10%         1
 Dazzling Flash           Conj/Hex       52%        N/A       10%         3
 Poisonous Vapours        Pois/Air       16%        N/A       14%         2
 Sublimation of Blood     Necr           8%         N/A       14%         2
 Wereblood                Tmut           8%         N/A       14%         2
 Fulminant Prism          Conj/Hex       13%        3d9       32%         4
 Olgreb's Toxic Radiance  Pois           8%         N/A       67%         4
 Summon Hydra             Summ           4%         N/A       100%        7


Dungeon Overview and Level Annotations

Branches:
Dungeon (5/15)             Temple (1/1) D:4

Altars:
Ashenzari
Cheibriados
Elyvilon
Gozag
Kikubaaqudgha
Makhleb
Nemelex Xobeh
Qazlal
Ru
Sif Muna
Uskayaw
Vehumet
Wu Jian
Yredelemnul
Zin
The Shining One

Shops:
D:2 **([[

Annotations:
D:1 2 transporters
D:3 Sigmund
D:5 Prince Ribbit


Innate Abilities, Weirdness & Mutations

You cannot wear most types of armour.
You are amphibious.
You can wear up to eight rings at the same time.
Your skin changes colour to match your surroundings (Stealth+).
Your rubbery body absorbs attacks. (AC +1, EV +1)
((You are camouflaged when in or above water. (Stealth+)))
You have tentacles for arms and can constrict up to eight enemies at once.


Message History

The magic dart hits Prince Ribbit.
Prince Ribbit is lightly wounded.
Prince Ribbit blinks!
The magic dart hits Prince Ribbit.
Prince Ribbit is lightly wounded.
The magic dart hits Prince Ribbit.
Prince Ribbit is moderately wounded.
Prince Ribbit hits you.
The magic dart hits Prince Ribbit.
Prince Ribbit is moderately wounded.
Prince Ribbit closely misses you. x2
The magic dart hits Prince Ribbit.
Prince Ribbit is heavily wounded.
Prince Ribbit hits you.
Throw: dart (poison)
Press: ? - help, Shift-Dir - straight line, f/p - Prince Ribbit
Aim: Prince Ribbit (heavily wounded, 36% to hit)
You throw a poisoned dart. The poisoned dart hits Prince Ribbit.
Prince Ribbit is heavily wounded.
Prince Ribbit barely misses you. Prince Ribbit hits you.
Unknown command.
Casting: Magic Dart (safe; 1% risk of failure)
Confirm with . or Enter, or press ? or * to list all spells.
The spell is quite dangerous to miscast (22% risk of failure)!
Continue anyway?
You miscast Iskenderun's Mystic Blast.
You are very lightly contaminated with residual magic.
Nothing appears to happen.
Prince Ribbit closely misses you.
Casting: Iskenderun's Mystic Blast (quite dangerous; 22% risk of failure)
Confirm with . or Enter, or press ? or * to list all spells.
The spell is quite dangerous to miscast (22% risk of failure)!
Continue anyway?
You miscast Iskenderun's Mystic Blast.
You feel a strange surge of energy!
* * * LOW HITPOINT WARNING * * *
Prince Ribbit barely misses you.
Unknown command.
You are too injured to fight recklessly!
You are too injured to fight recklessly!
It was a potion of brilliance.
You feel clever all of a sudden. Prince Ribbit hits you!!
You die...

.# .. ##. .. #(.
... #.# #.# ...
#.# #F# ##### #@#
##...######.#
######.###.......#
..##.....#.#######
#.##.###.#.#
#.##.# #..##
.....###.##
#.##.....#
.>########


You could see Prince Ribbit.

Vanquished Creatures
  Blork the orc (D:5)
  A scorpion (D:5)
  A hound (D:4)
  An iguana (D:5)
  4 gnolls (D:3)
  6 adders
  A dart slug (D:1)
  A worm (D:3)
  7 orcs
  6 endoplasms
  2 giant cockroaches
  5 goblins
  5 hobgoblins
  11 jackals
  6 quokkas
  5 ball pythons
  4 bats
  3 frilled lizards
  4 kobolds
  5 rats
79 creatures vanquished.

Notes
Turn   | Place    | Note
-------+----------+-------------------------------------------
     0 | D:1      | raistware the Octopode Conjurer began the quest for the
                  | Orb.
     0 | D:1      | Reached XP level 1. HP: 11/11 MP: 3/3
   113 | D:1      | You fall into a shaft and drop 1 floor!
   113 | D:2      | Found Meugik's Antique Armour Boutique.
   129 | D:2      | Found Esmey's Armour Boutique.
   335 | D:2      | Reached XP level 2. HP: 17/17 MP: 1/5
   531 | D:2      | Found Jilao's General Store.
   546 | D:2      | Found Kisus's Assorted Antiques.
   579 | D:2      | Found Lumoo's Antique Weapon Shoppe.
   646 | D:2      | Reached XP level 3. HP: 21/21 MP: 2/7
  1339 | D:1      | Reached XP level 4. HP: 27/27 MP: 6/9
  1344 | D:1      | Learned a level 4 spell: Iskenderun's Mystic Blast
  2499 | D:2      | Bought a scroll labelled BUTOYS XICVUO for 26 gold pieces
  2534 | D:3      | Reached skill level 1 in Translocations
  2651 | D:3      | Found a faded altar of an unknown god.
  2909 | D:3      | Noticed Sigmund
  2971 | D:3      | Reached XP level 5. HP: 31/31 MP: 6/11
  3414 | D:4      | Found a staircase to the Ecumenical Temple.
  3420 | Temple   | Entered the Ecumenical Temple
  4514 | D:4      | Found a glowing silver altar of Zin.
  4514 | D:4      | Found a hide-covered altar of Uskayaw.
  4521 | D:4      | Found a sacrificial altar of Ru.
  4523 | D:4      | Found a white marble altar of Elyvilon.
  4525 | D:4      | Found a faded altar of an unknown god.
  4569 | D:5      | Entered Level 5 of the Dungeon
  4569 | D:5      | Found a radiant altar of Vehumet.
  4575 | D:5      | Noticed an ogre
  4576 | D:5      | Noticed Prince Ribbit
  4636 | D:5      | Reached skill level 1 in Fighting
  4636 | D:5      | Reached XP level 6. HP: 38/38 MP: 11/13
  4812 | D:5      | Noticed Blork the orc
  4836 | D:5      | Killed Blork the orc
  4837 | D:5      | Reached skill level 5 in Spellcasting
  4837 | D:5      | Reached skill level 5 in Conjurations
  5152 | D:5      | Mangled by Prince Ribbit

Illustrated notes

Levels and vault maps discovered:
D:1:      spicycebolla_arrival_transporter_tutorial, layout_loops_corners,
          minmay_indecisive_spiral
D:2:      layout_basic, serial_shops, shop, nicolae_shop_waterfront,
          nicolae_shop_overgrown_old_shop, nicolae_shop_trees, shop,
          kennysheep_path_1, wad_floor_pattern_untrapped
D:3:      layout_rooms, shapermc_ecumenical_altar_mp_highgroup, uniq_sigmund
D:4:      layout_gridville, chequers_temple_overflow_minitemple,
          minmay_temple_entry_statues_fountains
D:5:      wander_river, layout_loops_cross, vehumet_crystals,
          uniq_blork_the_orc, uniq_prince_ribbit1, uniq_crazy_yiuf_cottage
Temple:   jpeg_temple_clearing

Skill      XL: |  1  2  3  4  5  6 |
---------------+-------------------+-----
Spellcasting   | 3 4 5 |  5.0
Translocations | 2 |  2.0
Fighting       | 1 |  1.2
Conjurations   | 5 |  5.0
Dodging        | |  2.1
Stealth        | |  2.6

Action                   |  1- 3 |  4- 6 || total
-------------------------+-------+-------++-------
Melee: Unarmed           |    43 |       ||    43
       Tentacles         |    10 |       ||    10
       Constrict         |     9 |       ||     9
Throw: Dart              |       |    15 ||    15
 Cast: Magic Dart        |    60 |   127 ||   187
       Iskenderun's Myst |       |     2 ||     2
  Use: Potion            |       |     1 ||     1
Armor: Skin              |    12 |     3 ||    15
Dodge: Dodged            |    39 |    19 ||    58
